 Dungeon Crawl Stone Soup version 0.29-a0-334-gb41bcbb86e (webtiles) character file.

Game seed: 1678121217529102607

291 bande the Chopper (level 6, 0/38 HPs)
             Began as a Gargoyle Fighter on Apr 15, 2022.
             Killed by divine providence
             ... invoked by an orc priest
              (12 damage)
             ... on level 5 of the Dungeon.
             The game lasted 00:08:09 (3314 turns).

bande the Chopper (Gargoyle Fighter)                Turns: 3314, Time: 00:08:10

Health: 0/38       AC: 11    Str: 19    XL:     6   Next: 32%
Magic:  6/6        EV:  9    Int:  9    God:
Gold:   204        SH:  4    Dex: 11    Spells: 5/5 levels left

rFire   . . .      SeeInvis .   a - +0 war axe
rCold   . . .      Faith    .   c - +0 buckler
rNeg    + . .      Spirit   .   b - +0 scale mail
rPois   ∞          Reflect  .   (no helmet)
rElec   +          Harm     .   (no cloak)
rCorr   .          Rampage  .   (no gloves)
Will    .....                   (no boots)
Stlth   ..........              (no amulet)
HPRegen 0.12/turn               n - ring of flight
MPRegen 0.10/turn               (no ring)

@: flying
A: sickness immunity, AC +4, negative energy resistance 1, electricity
resistance, torment resistance 1, petrification resistance
a: no special abilities


You were on level 5 of the Dungeon.
You visited 1 branch of the dungeon, and saw 5 of its levels.

You collected 204 gold pieces.

Inventory:

Hand Weapons
 a - a +0 war axe (weapon)
 s - the +6 mace "Earthworm" {venom, Str+4 Dex+4 SInv}
   (You found it on level 3 of the Dungeon)

   It poisons the flesh of those it strikes.
   Str:       It affects your strength (+4).
   Dex:       It affects your dexterity (+4).
   SInv:      It lets you see invisible.
 y - a +0 war axe
Missiles
 f - a throwing net (quivered)
Armour
 b - a +0 scale mail (worn)
 c - a +0 buckler (worn)
Jewellery
 n - a ring of flight (left hand)
 q - an amulet of the acrobat
Wands
 e - a wand of charming (10)
Scrolls
 k - 2 scrolls of vulnerability {unknown}
 m - 4 scrolls of identify {unknown}
 o - a scroll of blinking {unknown}
 p - a scroll of amnesia {unknown}
 r - 2 scrolls of fog {unknown}
 v - a scroll of enchant weapon {unknown}
 w - 2 scrolls of teleportation
Potions
 d - a potion of might
 g - a potion of curing {unknown}
 h - 3 potions of heal wounds {unknown}
 i - 4 potions of attraction {unknown}
 j - a potion of flight {unknown}
 l - 2 potions of haste {unknown}
 t - a potion of mutation {unknown}
 u - 2 potions of magic {unknown}
 x - a potion of lignification {unknown}
 z - a potion of brilliance {unknown}


   Skills:
 + Level 4.1 Fighting
 + Level 4.2 Axes
 + Level 4.1 Armour
 + Level 3.9 Shields
 * Level 1.8 Evocations


You had 5 spell levels left.
You didn't know any spells.
Your spell library contained the following spells:

 Spells                   Type           Power      Damage    Failure   Level
 Blink                    Tloc           0%         N/A       93%         2
 Gell's Gravitas          Tloc           0%         N/A       99%         3
 Lesser Beckoning         Tloc           0%         N/A       99%         3
 Spider Form              Tmut/Pois      0%         N/A       99%         3
 Teleport Other           Tloc           0%         N/A       99%         3
 Blade Hands              Tmut           0%         N/A       100%        5
 Manifold Assault         Tloc           0%         N/A       100%        5
 Yara's Violent Unravell  Hex/Tmut       0%         3d3       100%        5
 Storm Form               Tmut/Air       0%         N/A       100%        7


Dungeon Overview and Level Annotations

Branches:
Dungeon (5/15)
 Temple: D:4-7

Altars:
Sif Muna

Shops:
D:4 *


Innate Abilities, Weirdness & Mutations

You are immune to sickness and miasma.
Your stone body is resilient. (AC +4)
You are immune to poison.
You resist negative energy. (rN+)
You are resistant to electric shocks. (rElec)
You are resistant to unholy torment.
You are immune to petrification.


Message History

The puff of flame hits you. The orc hits you but does no damage.
The orc priest looks braver for a moment.
You fly upwards.
There is a stone staircase leading down here.
You slash the orc!
You kill the orc!
No target in view!
Things that are here:
a +0 dagger; a +0 leather armour; an orc corpse
There is a stone staircase leading down here.
You fly downwards.
The iguana hisses angrily.
The orc closely misses you.
There is a stone staircase leading up here.
The orc closely misses you.
You fly upwards.
There is a stone staircase leading down here.
You slash the orc!
You kill the orc!
No target in view!
No target in view!
No target in view!
Things that are here:
a +0 flail; an orc corpse
There is a stone staircase leading down here.
You fly downwards.
The iguana bites you.
The orc wizard mumbles some strange words.
The orc wizard flickers and vanishes!
Deactivating autopickup; reactivate with Ctrl-A.
The iguana bites you.
The orc wizard points at you and mumbles some strange words.
You block the puff of flame.
The orc priest invokes the aid of Beogh against you.
Beogh smites you!
There is a stone staircase leading up here.
The iguana bites you.
The orc priest calls down the wrath of Beogh upon you.
Beogh smites you!
You die...

#.............
.#..........>..
...............
...........o.
............
#..........
.####.......o..
.......@.......
#.......l......
##.............
#..#..........
... ##.....$.."
.. #......##. .
#.......
#.......#


You could see an iguana, an orc priest and an orc wizard.

Vanquished Creatures
  An ogre (D:3)
  A hound (D:3)
  An orc wizard (D:3)
  Robin (D:4)
  A gnoll (D:4)
  3 adders (D:2)
  2 worms
  3 dart slugs
  7 orcs
  5 bats
  2 endoplasms
  A giant cockroach (D:3)
  14 goblins
  13 hobgoblins
  11 jackals
  4 quokkas
  5 ball pythons
  A frilled lizard (D:1)
  3 kobolds
  3 rats
82 creatures vanquished.

Vanquished Creatures (others)
  A withered plant (D:1)
1 creature vanquished.

Grand Total: 83 creatures vanquished

Notes
Turn   | Place    | Note
-------+----------+-------------------------------------------
     0 | D:1      | bande the Gargoyle Fighter began the quest for the Orb.
     0 | D:1      | Reached XP level 1. HP: 14/14 MP: 1/1
   109 | D:1      | Found a faded altar of an unknown god.
   119 | D:1      | Reached XP level 2. HP: 19/19 MP: 2/2
   302 | D:1      | You fall into a shaft and drop 1 floor!
   313 | D:2      | Reached XP level 3. HP: 22/23 MP: 3/3
   660 | D:2      | Found a shimmering blue altar of Sif Muna.
   813 | D:2      | Reached XP level 4. HP: 29/29 MP: 4/4
  1418 | D:3      | Identified the +6 mace "Earthworm" {venom, Str+4 Dex+4
                  | SInv}
  1518 | D:3      | Noticed an ogre
  1524 | D:3      | Killed an ogre
  1525 | D:3      | Reached skill level 1 in Evocations
  1525 | D:3      | Reached XP level 5. HP: 23/33 MP: 5/5
  2237 | D:3      | Reached XP level 6. HP: 38/38 MP: 6/6
  2906 | D:4      | Got the Disquisition on the Unstable Birds
  2975 | D:4      | Noticed Robin
  2988 | D:4      | Killed Robin
  3182 | D:4      | Found Suebus's General Store.
  3295 | D:5      | Entered Level 5 of the Dungeon
  3314 | D:5      | Killed from afar by an orc priest

Illustrated notes

Levels and vault maps discovered:
D:1:      dpeg_arrival_shelter, layout_basic, ebering_ecumenical_altar_petrified
D:2:      layout_basic, basic_altar, st_stairs_1, serial_park_tiny_2
D:3:      layout_loops_corners
D:4:      kennysheep_goblin_castle, layout_rooms, serial_shops,
          nicolae_square_shop, st_stairs_1, uniq_robin
D:5:      layout_cave_pools, minmay_temple_entry_arrows

Skill      XL: |  1  2  3  4  5  6 |
---------------+-------------------+-----
Axes           | 2 3 4 |  4.2
Evocations     | 1 |  1.8
Fighting       | 4 |  4.1
Armour         | 4 |  4.1
Shields        | |  3.9

Action                   |  1- 3 |  4- 6 || total
-------------------------+-------+-------++-------
Melee: War axe           |    67 |   150 ||   217
  Use: Scroll            |     2 |       ||     2
Armor: Scale mail        |    46 |    95 ||   141
Dodge: Dodged            |    34 |    85 ||   119
Block: Buckler           |    21 |    34 ||    55

Table legend: (Time is in decaauts)
 A = Elapsed time spent in this place.
 B = Non-inter-level travel time spent in this place.
 C = Inter-level travel time spent in this place.
 D = Time resting spent in this place.
 E = Time spent auto-exploring this place.
 F = Levels seen in this place.
 G = Mean time per level.
                   A        B        C        D        E       F      G
               +--------+--------+--------+--------+--------+-----+--------+
         Total |   3394 |   3359 |     35 |      0 |   2631 |   5 |  678.8 |
       Dungeon |   3394 |   3359 |     35 |      0 |   2631 |   5 |  678.8 |
               +--------+--------+--------+--------+--------+-----+--------+

Top non-repeatable levels by time:
     D:3: 1218 daAuts
     D:2: 1074 daAuts
     D:4: 779 daAuts
     D:1: 312 daAuts
     D:5: 9 daAuts
